 Dungeon Crawl Stone Soup version 0.29-a0-378-gc08b2e8bf8 (webtiles) character file.

Game seed: 1580653800642959301

10257 KateP the Fencer (level 11, 0/102 HPs)
             Began as a Minotaur Fighter on May 4, 2022.
             Was an Elder of Makhleb.
             Slain by a manticore (1 damage)
             ... on level 11 of the Dungeon.
             The game lasted 00:20:13 (12320 turns).

KateP the Fencer (Minotaur Fighter)                Turns: 12320, Time: 00:20:14

Health: 0/102      AC: 17    Str: 31    XL:     11   Next: 33%
Magic:  0/8        EV:  8    Int:  5    God:    Makhleb [****..]
Gold:   39         SH:  0    Dex: 15    Spells: 10/10 levels left

rFire   . . .      SeeInvis +   v - +0 demon blade (elec)
rCold   . . .      Faith    .   (no shield)
rNeg    + . .      Spirit   +   o - +0 plate armour
rPois   .          Reflect  .   (helmet unavailable)
rElec   .          Harm     .   (no cloak)
rCorr   .          Rampage  .   e - +1 pair of gloves
Will    +....                   (no boots)
Stlth   ..........              u - amulet of guardian spirit
HPRegen 0.27/turn               r - +6 ring of strength
MPRegen 0.11/turn               a - ring of Equilibrium {Fly rN+ Will+ Dex+5 SInv}

@: spiked, flying
A: horns 3, retaliatory headbutt, low MP 1
a: Renounce Religion, Minor Destruction, Lesser Servant of Makhleb, Major
Destruction


You were on level 11 of the Dungeon.
You worshipped Makhleb.
Makhleb was greatly pleased with you.
You visited 2 branches of the dungeon, and saw 12 of its levels.
You also visited: Sewer.

You collected 631 gold pieces.
You spent 592 gold pieces at shops.

Inventory:

Hand Weapons
 q - a +5 great sword of venom
 v - a +0 demon blade of electrocution (weapon)
Missiles
 C - a throwing net
Armour
 e - a +1 pair of gloves (worn)
 o - a +0 plate armour (worn)
Jewellery
 a - the ring of Equilibrium (right hand) {Fly rN+ Will+ Dex+5 SInv}
   (You acquired it on level 4 of the Dungeon)

   [ring of flight]

   Dex:       It affects your dexterity (+5).
   rN:        It protects you from negative energy.
   SInv:      It lets you see invisible.
   Fly:       It grants you flight.
   Will:      It increases your willpower.
 d - an amulet of magic regeneration
 r - a +6 ring of strength (left hand)
 u - an amulet of guardian spirit (around neck)
Wands
 t - a wand of acid (5)
Scrolls
 b - a scroll of silence {unknown}
 k - 2 scrolls of identify
 m - a scroll of immolation {unknown}
 p - 3 scrolls of teleportation
 s - a scroll of summoning
 x - 3 scrolls of magic mapping
 z - a scroll of fog
Potions
 f - 9 potions of curing
 g - 2 potions of flight (quivered) {unknown}
 h - a potion of haste
 i - a potion of might
 j - 3 potions of invisibility
 n - 2 potions of cancellation
 A - 3 potions of magic
Miscellaneous
 l - a phial of floods


   Skills:
 + Level 11.3 Fighting
 * Level 15.1 Long Blades
 + Level 11.3 Armour
 - Level 3.6 Shields


You had 10 spell levels left.
You didn't know any spells.
Your spell library contained the following spells:

 Spells                   Type           Power      Damage    Failure   Level
 Dazzling Flash           Conj/Hex       0%         N/A       100%        3
 Gell's Gravitas          Tloc           0%         N/A       100%        3
 Lesser Beckoning         Tloc           0%         N/A       100%        3
 Teleport Other           Tloc           0%         N/A       100%        3
 Iskenderun's Mystic Bla  Conj/Tloc      0%         2d3       100%        4
 Passage of Golubria      Tloc           0%         N/A       100%        4
 Silence                  Hex/Air        0%         N/A       100%        5
 Starburst                Conj/Fire      0%         6d3       100%        6
 Lehudib's Crystal Spear  Conj/Erth      0%         10d2      100%        8


Dungeon Overview and Level Annotations

Branches:
Dungeon (11/15)            Temple (1/1) D:4            Lair (0/6) D:10
  Sewer (visited)
    Orc: D:9-12

Altars:
Ashenzari
Cheibriados
Dithmenos
Elyvilon
Fedhas
Gozag
Hepliaklqana
Kikubaaqudgha
Makhleb
Nemelex Xobeh
Okawaru
Qazlal
Ru
Sif Muna
Trog
Uskayaw
Vehumet
Wu Jian
Xom
Yredelemnul
Zin
The Shining One

Shops:
D:7 *

Annotations:
D:9 2 transporters


Innate Abilities, Weirdness & Mutations

You have a pair of large horns on your head.
You reflexively headbutt those who attack you in melee.
Your magical capacity is low. (-10% MP)


Message History

You feel better.
Your Long Blades skill increases to level 15!
Unknown command.
The manticore is no longer petrified.
The manticore flicks its tail.
The volley of spikes hits you.
The barbed spikes become lodged in your body.
The barbs in your skin will harm you if you move.
Continue?
Okay, then.
The manticore flicks its tail.
The volley of spikes misses you.
The manticore flicks its tail.
The volley of spikes hits you!
The barbed spikes become lodged in your body.
The manticore flicks its tail.
The volley of spikes hits you!
The barbed spikes become lodged in your body.
The manticore flicks its tail.
The volley of spikes hits you!
The barbed spikes become lodged in your body.
* * * LOW HITPOINT WARNING * * *
Blink to where?
Press: ? - help, Dir - move target
As you read the scroll of blinking, it crumbles to dust.
The manticore closely misses you. x2; The manticore claws you.
* * * LOW HITPOINT WARNING * * *
You hit the manticore.
The manticore is lightly wounded.
You slash the manticore!
The manticore is moderately wounded.
The manticore bites you!
* * * LOW HITPOINT WARNING * * *
The manticore barely misses you. The manticore claws you.
* * * LOW HITPOINT WARNING * * *
You slash the manticore!
The manticore is heavily wounded.
You barely miss the manticore.
The manticore is heavily wounded.
The manticore bites you.
You die...

#### ####
#...## ##...#
#.$≈≈###≈≈$.#
.
#.≈..≈.≈..≈.#
..#
#≈.......≈#
...##≈.≈≈H@≈#
.......≈<≈..+
..##≈.≈≈≈.≈##
#≈.§.....≈#
#.≈..≈.≈..≈.#
#.$≈≈###≈≈..#
#...## ##...#
#### ####


You could see a manticore.

Vanquished Creatures
  A catoblepas (D:11)
  A two-headed ogre (D:10)
  The ghost of Morbidden the Cleaver, a novice DsFi of Cheibriados (D:8)
  Nergalle (D:10)
  Pikel (D:5)
  The ghost of ang3lsp1der the Cleaver, a novice HOMo of Beogh (D:6)
  Joseph (D:8)
  The ghost of MrShunz the Destroyer, a novice DECj (D:6)
  A shadow (D:9)
  A vampire (D:9)
  12 yaks
  2 wraiths (D:10)
  A steam dragon (D:9)
  Menkaure (D:5)
  An acid dragon (D:8)
  Duvessa (D:7)
  2 ice beasts
  Pargi (Sewer)
  4 orc warriors
  2 ogres (D:6)
  A lemure (D:5)
  2 kobold brigands
  2 gnoll sergeants
  3 bullfrogs
  4 necrophages
  4 scorpions
  9 wights
  Dowan (D:7)
  3 howler monkeys
  A spectral centaur (D:8)
  3 crimson imps (D:10)
  A centaur zombie (D:8)
  3 hounds
  A centaur skeleton (D:8)
  3 jellies
  5 orc priests
  An iguana (D:6)
  10 orc wizards
  13 gnolls
  11 adders
  3 white imps
  A howler monkey simulacrum (D:8)
  2 worms (D:2)
  2 dart slugs
  48 orcs
  5 ball pythons
  5 endoplasms
  5 giant cockroaches
  6 goblins
  8 hobgoblins
  6 jackals
  16 kobolds
  10 quokkas
  3 bats
  2 frilled lizards
  2 rats
242 creatures vanquished.

Notes
Turn   | Place    | Note
-------+----------+-------------------------------------------
     0 | D:1      | KateP the Minotaur Fighter began the quest for the Orb.
     0 | D:1      | Reached XP level 1. HP: 19/19 MP: 0/0
   579 | D:1      | Reached XP level 2. HP: 27/27 MP: 1/1
   630 | D:1      | Found a faded altar of an unknown god.
   633 | D:1      | Reached skill level 3 in Long Blades
  1053 | D:2      | Reached XP level 3. HP: 33/33 MP: 2/2
  1293 | D:2      | Reached skill level 4 in Long Blades
  1413 | D:2      | Reached XP level 4. HP: 41/41 MP: 3/3
  2366 | D:3      | Reached XP level 5. HP: 3/47 MP: 0/4
  2791 | D:3      | Found a glowing drain.
  2823 | Sewer    | Entered a sewer
  2870 | Sewer    | Reached skill level 5 in Long Blades
  2909 | Sewer    | Noticed Pargi
  2919 | Sewer    | Killed Pargi
  2920 | Sewer    | Reached skill level 5 in Fighting
  2920 | Sewer    | Reached skill level 5 in Armour
  3104 | D:3      | Reached XP level 6. HP: 53/56 MP: 5/5
  3444 | D:4      | Found a staircase to the Ecumenical Temple.
  3452 | Temple   | Entered the Ecumenical Temple
  3800 | Temple   | Became a worshipper of Makhleb the Destroyer
  3972 | D:4      | Reached skill level 6 in Long Blades
  4065 | D:4      | Found a blossoming altar of Fedhas.
  4213 | D:4      | Identified a scroll of acquirement
  4214 | D:4      | Acquired the ring of Equilibrium {Fly rN+ Will+ Dex+5 SInv}
  4353 | D:4      | Gained mutation: You have a pair of large horns on your
                  | head. [potion of mutation]
  4353 | D:4      | Gained mutation: Your magical capacity is low. (-10% MP)
                  | [potion of mutation]
  4565 | D:5      | Entered Level 5 of the Dungeon
  4565 | D:5      | Noticed Menkaure
  4569 | D:5      | Reached XP level 7. HP: 62/62 MP: 5/5
  4572 | D:5      | Killed Menkaure
  4573 | D:5      | Reached skill level 7 in Long Blades
  4583 | D:5      | Reached * piety under Makhleb
  4914 | D:5      | Noticed Pikel
  4928 | D:5      | Killed Pikel
  4929 | D:5      | Reached skill level 9 in Long Blades
  4929 | D:5      | Reached XP level 8. HP: 19/73 MP: 1/6
  6052 | D:6      | Reached skill level 10 in Long Blades
  6271 | D:6      | Found a runed translucent gate.
  6272 | D:6      | Found a runed translucent gate.
  6274 | D:6      | Found a runed translucent gate.
  6289 | D:6      | Reached XP level 9. HP: 31/81 MP: 2/7
  6507 | D:6      | Noticed MrShunz's ghost (novice DECj)
  6507 | D:6      | Noticed ang3lsp1der's ghost (novice HOMo)
  7146 | D:7      | Reached skill level 11 in Long Blades
  7238 | D:7      | Reached ** piety under Makhleb
  7513 | D:7      | Found Jyrat's Sacrilege Store.
  7588 | D:7      | Found a snail-covered altar of Cheibriados.
  7599 | D:7      | Noticed Dowan
  7600 | D:7      | Noticed Duvessa
  7608 | D:7      | Killed Duvessa
  7612 | D:7      | Killed Dowan
  8086 | D:8      | Found a flagged portal.
  8208 | D:8      | Found a runed translucent gate.
  8208 | D:8      | Found a runed translucent gate.
  8209 | D:8      | Found a runed translucent gate.
  8210 | D:8      | Noticed Morbidden's ghost (novice DsFi)
  8283 | D:8      | Found an iron altar of Okawaru.
  8319 | D:8      | Noticed Joseph
  8331 | D:8      | Killed Joseph
  8332 | D:8      | Reached skill level 12 in Long Blades
  8524 | D:8      | Reached XP level 10. HP: 69/91 MP: 5/8
  9252 | D:8      | Found an opulent altar of Gozag.
  9252 | D:8      | Found a glowing golden altar of the Shining One.
  9634 | D:9      | Reached skill level 13 in Long Blades
  9645 | D:9      | Reached *** piety under Makhleb
  9646 | D:9      | Reached skill level 10 in Fighting
  9648 | D:9      | Reached skill level 10 in Armour
 10287 | D:9      | Found a transporter.
 10316 | D:9      | Identified the +6 war axe "Muvvuitz" {elec, rC+++ Str+2
                  | Int+3 Dex-4}
 10412 | D:9      | Found a transporter.
 10694 | D:10     | Entered Level 10 of the Dungeon
 10700 | D:10     | Found a bloodstained altar of Trog.
 10803 | D:10     | Found a hide-covered altar of Uskayaw.
 10804 | D:10     | Found a sacrificial altar of Ru.
 10856 | D:10     | Noticed Nergalle
 10863 | D:10     | Killed Nergalle
 10864 | D:10     | Reached skill level 14 in Long Blades
 11302 | D:10     | Found a shimmering altar of Xom.
 11437 | D:10     | Noticed a two-headed ogre
 11443 | D:10     | Killed a two-headed ogre
 11444 | D:10     | Reached XP level 11. HP: 94/101 MP: 7/8
 11566 | D:10     | Found a staircase to the Lair.
 11749 | D:8      | Killed Morbidden's ghost
 11749 | D:8      | Reached **** piety under Makhleb
 11885 | D:6      | Killed ang3lsp1der's ghost
 11892 | D:6      | Killed MrShunz's ghost
 12149 | D:7      | Identified the +2 spear "Vagg" {venom, rC- rCorr Int+2}
 12198 | D:7      | Bought a +0 demon blade of electrocution for 592 gold
                  | pieces
 12291 | D:11     | Noticed a catoblepas
 12309 | D:11     | Killed a catoblepas
 12310 | D:11     | Reached skill level 15 in Long Blades
 12318 | D:11     | HP: 2/102 [manticore (11)]
 12320 | D:11     | Slain by a manticore

Illustrated notes

Levels and vault maps discovered:
D:1:      minmay_arrival_nine_rooms, layout_loops_ring,
          chequers_ecumenical_altar_simple_redux
D:2:      minmay_alternating_diamond, layout_basic, minmay_misc_feat_tiny,
          hangedman_decor_push, minmay_misc_feat_doors, minmay_diced_spiral
D:3:      layout_loops_ring, gup_sewer_entry_pipe, nicolae_figureground_pulse
D:4:      layout_basic, lemuel_coloured_pillars_altar, temple_statues
D:5:      layout_basic, uniq_menkaure, uniq_pikel
D:6:      layout_loops_corners, gammafunk_ghost_cemetery
D:7:      layout_rooms, mainiacjoe_overflow_six_doors_small, nicolae_evil_shop,
          uniq_duvessa
D:8:      layout_basic, gammafunk_temple_overflow_elements,
          okawaru_ov_weapons_minmay, gammafunk_ghost_necromancy, enter_bailey_1,
          special_room [special_room_orc], kennysheep_generic_room_15,
          uniq_joseph
D:9:      gammafunk_cloud_chamber, layout_irregular_city
D:10:     layout_loops_ring, lemuel_crystal_altar, nicolae_overflow_squiral,
          led_xom_imps, lair_entry_dummy, eino_curves_02, uniq_nergalle
D:11:     nzn_motion_control, layout_stronghold
Temple:   oiseaux_autumnal_temple

Skill      XL: |  1  2  3  4  5  6  7  8  9 10 11 |
---------------+----------------------------------+-----
Long Blades    | 3 4 5 6 9 10 12 14 15 | 15.1
Fighting       | 4 5 7 8 9 10 11 | 11.3
Armour         | 4 5 7 9 10 11 | 11.3
Shields        | |  3.6

Action                   |  1- 3 |  4- 6 |  7- 9 | 10-12 || total
-------------------------+-------+-------+-------+-------++-------
Melee: Long sword        |    59 |   187 |       |       ||   246
       Headbutt          |     9 |    16 |    38 |    39 ||   102
       Great sword       |       |     3 |   205 |   170 ||   378
       Demon blade       |       |       |       |    13 ||    13
  Use: Scroll            |       |    16 |     3 |     3 ||    22
       Potion            |       |     7 |     1 |     9 ||    17
Armor: Scale mail        |    29 |   113 |    85 |    51 ||   278
       Plate armour      |       |       |       |    30 ||    30
Dodge: Dodged            |    34 |   108 |   105 |    88 ||   335
Block: Buckler           |    10 |    44 |       |       ||    54

Table legend: (Time is in decaauts)
 A = Elapsed time spent in this place.
 B = Non-inter-level travel time spent in this place.
 C = Inter-level travel time spent in this place.
 D = Time resting spent in this place.
 E = Time spent auto-exploring this place.
 F = Levels seen in this place.
 G = Mean time per level.
                   A        B        C        D        E       F      G
               +--------+--------+--------+--------+--------+-----+--------+
         Total |  12410 |  12229 |    181 |    950 |   8994 |  13 |  954.6 |
       Dungeon |  11767 |  11586 |    181 |    950 |   8572 |  11 | 1069.7 |
        Temple |    372 |    372 |      0 |      0 |    231 |   1 |  372.0 |
         Sewer |    270 |    270 |      0 |      0 |    191 |   1 |  270.0 |
               +--------+--------+--------+--------+--------+-----+--------+

Top non-repeatable levels by time:
     D:8: 1968 daAuts
     D:6: 1659 daAuts
     D:2: 1210 daAuts
     D:5: 1194 daAuts
     D:3: 1105 daAuts
     D:9: 1084 daAuts
    D:10: 957 daAuts
     D:1: 895 daAuts
     D:7: 875 daAuts
     D:4: 791 daAuts
  Temple: 372 daAuts
   Sewer: 270 daAuts
    D:11: 24 daAuts
